 Dungeon Crawl Stone Soup version 0.26-a0-1147-g3780a7a11b (webtiles) character file.

Game seed: 17688081730468218804

202388 Danir the Hoplite (level 17, -10/163 HPs)
             Began as a Minotaur Fighter on Dec 14, 2020.
             Was the Champion of Okawaru.
             Mangled by a bunyip (24 damage)
             ... on level 4 of the Swamp on Dec 22, 2020.
             The game lasted 01:24:36 (31896 turns).

Danir the Hoplite (Minotaur Fighter)               Turns: 31896, Time: 01:24:37

Health: -10/163    AC: 32    Str: 28    XL:     17   Next: 94%
Magic:  16/16      EV: 11    Int:  5    God:    Okawaru [******]
Gold:   2528       SH:  0    Dex: 13    Spells: 16/16 levels left

rFire    + . .     SeeInvis .   r - +6 demon whip "Doiskur" {drain, rC+ Dex+3}
rCold    + + .     Faith    .   q - +0 kite shield {AC+3}
rNeg     . . .     Spirit   .   w - +3 plate armour {rF+}
rPois    .         Reflect  .   (helmet restricted)
rElec    .         Harm     .   k - +1 cloak
rCorr    .         Rampage  +   W - +0 pair of gloves
Will     +....                  Z - +2 pair of boots {rampage}
Stlth    ..........             b - amulet of regeneration
HPRegen  0.77/turn              d - +4 ring of slaying
MPRegen  0.15/turn              m - ring of protection from cold

@: confused, mighty, lethally poisoned (-10 -> -15), flying
A: retaliatory headbutt, horns 2
}: 1/15 runes: gossamer
a: Renounce Religion, Heroism, Finesse


You were on level 4 of the Swamp.
You worshipped Okawaru.
Okawaru was exalted by your worship.
You visited 6 branches of the dungeon, and saw 31 of its levels.

You collected 3116 gold pieces.
You spent 588 gold pieces at shops.

Inventory:

Hand Weapons
 r - the +6 demon whip "Doiskur" (weapon) {drain, rC+ Dex+3}
   (Okawaru gifted it to you on level 14 of the Dungeon)

   A truly terrible weapon, it drains the life of those it strikes.
   It affects your dexterity (+3).
   It protects you from cold.
 t - a +4 whip of flaming
 M - a +6 vorpal flail
Missiles
 s - 8 silver boomerangs (quivered)
Armour
 k - a +1 cloak (worn)
 q - a +0 kite shield of protection (worn)
 w - a +3 plate armour of fire resistance (worn)
 P - the +1 plate armour of Uneoptaa {+Inv MP-9 Str+5}
   (You found it on level 3 of the Lair of Beasts)

   It affects your strength (+5).
   It affects your magic capacity (-9).
   It lets you turn invisible.
 Q - a +0 kite shield of reflection
 W - a +0 pair of gloves (worn)
 Z - a +2 pair of boots of rampaging (worn)
Jewellery
 b - an amulet of regeneration (around neck)
 d - a +4 ring of slaying (left hand)
 m - a ring of protection from cold (right hand)
 E - an uncursed ring of magical power
 H - an uncursed amulet of magic regeneration
 K - the ring of the Genius {+Blink rPois Will+ SInv}
   (You found it on level 2 of the Swamp)

   [ring of willpower]

   It protects you from poison.
   It affects your willpower, your defense against some magical effects.
   It lets you see invisible.
   It lets you blink.
 O - an uncursed ring of willpower
Wands
 f - a wand of enslavement (10)
 g - a wand of iceblast (11)
 i - a wand of digging (11)
 j - a wand of random effects (84)
 l - a wand of acid (20)
 A - a wand of disintegration (62)
 L - a wand of flame (33)
 V - a wand of paralysis (35)
Scrolls
 a - a scroll of enchant weapon
 c - a scroll of fear
 h - 9 scrolls of remove curse
 n - 13 scrolls of identify
 p - 5 scrolls of teleportation
 x - a scroll of blinking
 y - 6 scrolls of magic mapping
 F - 4 scrolls of amnesia
 I - 4 scrolls of fog
 J - a scroll of enchant armour
 U - 2 scrolls of summoning
Potions
 e - 3 potions of flight
 o - 6 potions of brilliance
 z - 2 potions of ambrosia
 B - a potion of resistance
 C - 2 potions of cancellation
 G - a potion of might
 R - 3 potions of magic
 S - 2 potions of invisibility
 T - a potion of berserk rage


   Skills:
 + Level 17.9 Fighting
 + Level 6.3(10.8) Axes
 - Level 13.5(14.0) Maces & Flails
 + Level 1.3 Throwing
 + Level 18.0 Armour
 + Level 6.0 Dodging
 + Level 2.7 Stealth
 + Level 23.6 Shields
 + Level 1.2 Unarmed Combat


You had 16 spell levels left.
You didn't know any spells.
Your spell library contained the following spells:

 Spells                   Type           Power        Failure   Level
 Beastly Appendage        Tmut           0%           95%         1
 Corona                   Hex            0%           95%         1
 Freeze                   Ice            0%           95%         1
 Magic Dart               Conj           0%           95%         1
 Shock                    Conj/Air       0%           95%         1
 Sting                    Tmut/Pois      0%           95%         1
 Corpse Rot               Necr/Air       N/A          99%         2
 Ensorcelled Hibernation  Hex/Ice        0%           99%         2
 Poisonous Vapours        Pois/Air       0%           99%         2
 Searing Ray              Conj           0%           99%         2
 Swiftness                Air            0%           99%         2
 Wereblood                Tmut           0%           99%         2
 Confusing Touch          Hex            0%           100%        3
 Dazzling Flash           Conj/Hex       0%           100%        3
 Frozen Ramparts          Ice            0%           100%        3
 Ignite Poison            Fire/Tmut/Pois 0%           100%        3
 Mephitic Cloud           Conj/Pois/Air  0%           100%        3
 Ozocubu's Armour         Ice            0%           100%        3
 Spider Form              Tmut/Pois      0%           100%        3
 Static Discharge         Conj/Air       0%           100%        3
 Stone Arrow              Conj/Erth      0%           100%        3
 Tukima's Dance           Hex            0%           100%        3
 Airstrike                Air            0%           100%        4
 Cause Fear               Hex            0%           100%        4
 Fulminant Prism          Conj/Hex       0%           100%        4
 Hailstorm                Conj/Ice       0%           100%        4
 Ice Form                 Ice/Tmut       0%           100%        4
 Iskenderun's Mystic Bla  Conj/Tloc      0%           100%        4
 Olgreb's Toxic Radiance  Pois           0%           100%        4
 Summon Ice Beast         Ice/Summ       0%           100%        4
 Blade Hands              Tmut           0%           100%        5
 Lightning Bolt           Conj/Air       0%           100%        5
 Silence                  Hex/Air        0%           100%        5
 Summon Forest            Summ/Tloc      0%           100%        5
 Yara's Violent Unravell  Hex/Tmut       0%           100%        5
 Eringya's Noxious Bog    Tmut/Pois      0%           100%        6
 Hydra Form               Tmut           0%           100%        6
 Summon Hydra             Summ           0%           100%        7
 Discord                  Hex            0%           100%        8


Dungeon Overview and Level Annotations

Branches:
Dungeon (14/15)            Temple (1/1) D:5            Lair (6/6) D:9
  Swamp (4/4) Lair:2       Spider (4/4) Lair:3        Slime (0/5) Lair:5
    Orc (2/2) D:11            Elf (0/3) Orc:2        Vaults (0/5) D:13

Altars:
Ashenzari
Cheibriados
Dithmenos
Elyvilon
Fedhas
Gozag
Hepliaklqana
Kikubaaqudgha
Makhleb
Nemelex Xobeh
Okawaru
Qazlal
Ru
Sif Muna
Trog
Uskayaw
Vehumet
Wu Jian
Xom
Yredelemnul
Zin
The Shining One
Beogh
Jiyva
Lugonu

Shops:
D:4 *   D:5 }}(   D:9 !   Orc:2 :((*

Annotations:
D:8 1 runed translucent door, SamuraiZach's ghost, novice TrDe
Lair:1 1 runed translucent door, sammydre's ghost, novice TrBe
Lair:3 exclusion: 2 oklob plants
Lair:6 exclusion: ice statue


Innate Abilities, Weirdness & Mutations

You reflexively headbutt those who attack you in melee.
You have a pair of horns on your head.


Message History

Found 14 gold pieces.
You see here 14 gold pieces.
You feel very buoyant.
You fly up into the air.
You feel very sick.
The alligator puts on a burst of speed!
The bunyip howls a warning cry!
You hear a shout!
You hear a deafening roar!
You hear a roar!
You hear a shout!
You feel sick.
You feel sick. You block the alligator's attack.
The alligator tail-slaps you but does no damage.
You feel sick.
You feel sick. The alligator bites you!
* * * LOW HITPOINT WARNING * * *
The alligator tail-slaps you but does no damage.
You feel sick. You block the alligator's attack. x2
You are confused.
You feel invigorated.
You feel sick. The alligator closely misses you. x2
The bunyip misses you. The bunyip claws you!!
You die...

♣..≈≈≈.♣ ≈..≈≈≈≈
♣♣♣♣♣♣♣.≈≈≈.
♣♣♣≈.....≈≈§≈♣
♣♣...≈≈≈..≈≈≈.♣
♣♣♣≈..≈§≈≈.≈≈≈≈≈♣
♣...≈≈≈≈≈≈≈≈≈≈≈.♣
♣≈.≈≈≈≈≈≈≈≈t@.≈.♣
♣≈.≈≈≈≈.≈≈≈x≈♣≈≈♣
.≈≈≈≈≈.≈.≈≈≈.≈♣♣♣
≈≈≈≈≈≈≈..≈≈..≈♣
≈§.≈≈≈≈.≈..♣♣♣♣
≈≈..≈≈≈$...≈♣
≈≈.♣.≈≈♣♣♣♣♣♣
♣♣§♣ ♣♣ ♣♣♣♣♣P


You could see a bunyip and an alligator (swift).

Vanquished Creatures
  Nikola (Swamp:3)
  Arachne (Spider:3)
  Rupert (Lair:6)
  Kirke (Lair:3)
  Donald (Swamp:3)
  3 ghost moths
  The ghost of MoonlitKnight the Warrior, a journeyman MfGl of Hepliaklqana (Lair:6)
  4 emperor scorpions
  Azrael (D:14)
  Nessos (Orc:2)
  3 spark wasps
  2 entropy weavers (Spider:2)
  5 bunyips
  4 eleionomae
  2 vault guards (D:13)
  18 hydras
  Fannar (Lair:1)
  A boulder beetle (Spider:1)
  A two-headed ogre (D:10)
  3 ghost crabs
  Harold (D:7)
  6 centaur warriors
  4 catoblepae (Lair:6)
  5 death yaks (Lair:6)
  7 alligators
  An orc high priest (Orc:1)
  A tengu warrior (D:14)
  5 skeletal warriors (D:14)
  3 unseen horrors
  6 goliath frogs
  3 spriggan druids (Swamp:3)
  6 swamp dragons
  A wizard (D:13)
  5 bog bodies
  23 orb spiders
  2 necromancers (D:13)
  5 manticores
  3 orc sorcerers
  5 moths of wrath
  23 wolf spiders
  9 ugly things (D:14)
  9 elephants (Lair:4)
  A cyclops (D:14)
  4 centaur zombies
  6 black mambas
  A torpor snail (Lair:6)
  3 rime drakes
  12 cane toads
  A freezing wraith (Lair:6)
  9 komodo dragons
  4 yaktaurs (D:14)
  10 demonic crawlers
  A tengu conjurer (D:14)
  12 trolls
  4 polar bears
  4 red devils (D:14)
  17 hornets
  3 meliai (Spider:4)
  3 blink frogs (Lair:3)
  49 jumping spiders
  8 tyrant leeches
  4 slime creatures (D:12)
  11 dream sheep
  17 spriggans
  73 redbacks
  A shadow (D:14)
  29 tarantellas
  4 wyverns
  A wraith (D:12)
  49 yaks
  4 basilisks
  7 fire elementals
  19 humans (D:13)
  4 hogs
  A steam dragon (D:9)
  5 vampire mosquitoes
  3 wargs
  13 swamp worms
  Duvessa (D:5)
  19 water moccasins
  A hell hound (D:14)
  A hornet zombie (D:5)
  3 black bears
  2 eyes of draining
  34 orc warriors
  11 ice beasts
  6 swamp drakes
  3 phantoms
  4 sky beasts
  11 ogres
  21 centaurs
  14 wolves
  3 big kobolds
  17 bullfrogs
  Dowan (D:4)
  A gnoll sergeant (D:9)
  2 scorpions
  3 wights (D:9)
  3 howler monkeys (D:11)
  2 electric eels
  A bullfrog zombie (D:13)
  5 hounds
  16 orc priests
  A jelly (D:13)
  Crazy Yiuf (D:2)
  A bullfrog skeleton (D:6)
  A gnoll shaman (D:9)
  16 orc wizards
  4 centaur skeletons
  3 hell rats (Lair:5)
  3 iguanas
  Natasha (twice) (D:2)
  7 worker ants
  A killer bee zombie (D:8)
  2 hound zombies
  2 hound skeletons
  A worker ant zombie (D:5)
  Robin (D:2)
  8 river rats (Lair:5)
  13 adders
  17 gnolls
  A shadow imp (D:4)
  6 white imps
  2 ufetubi
  2 oozes
  An adder skeleton (D:9)
  An adder zombie (D:5)
  2 worms
  A dart slug (D:4)
  4 leopard geckos
  94 orcs
  5 bats
  6 giant cockroaches
  20 goblins
  14 hobgoblins
  12 jackals
  32 kobolds
  5 quokkas
  A ball python (D:6)
  3 frilled lizards (D:2)
  A jackal skeleton (D:9)
  2 quokka zombies (D:8)
  11 rats
1080 creatures vanquished.

Vanquished Creatures (collateral kills)
  2 moths of wrath (Lair:6)
  A hornet (Lair:6)
3 creatures vanquished.

Vanquished Creatures (others)
  A redback (Spider:4)
  A spriggan (Swamp:2)
  An orc wizard (D:11)
  2 orcs (Orc:2)
  8 foxfires (Swamp:4)
  15 fungi
  21 plants
49 creatures vanquished.

Grand Total: 1132 creatures vanquished

Notes
Turn   | Place    | Note
-------+----------+-------------------------------------------
     0 | D:1      | Danir the Minotaur Fighter began the quest for the Orb.
     0 | D:1      | Reached XP level 1. HP: 19/19 MP: 0/0
    87 | D:1      | Found a shimmering altar of Xom.
   216 | D:1      | Reached XP level 2. HP: 27/27 MP: 1/1
   729 | D:2      | Reached skill level 4 in Shields
   830 | D:2      | Reached XP level 3. HP: 31/33 MP: 2/2
  1039 | D:2      | Found a runed translucent door.
  1040 | D:2      | Noticed Crazy Yiuf
  1048 | D:2      | Killed Crazy Yiuf
  1049 | D:2      | Reached XP level 4. HP: 12/41 MP: 3/3
  1369 | D:2      | Noticed Robin
  1389 | D:2      | Noticed Natasha
  1400 | D:2      | Killed Natasha
  1402 | D:2      | Killed Robin
  1403 | D:2      | Reached XP level 5. HP: 21/47 MP: 4/4
  1710 | D:2      | Found a stormy altar of Qazlal.
  1748 | D:2      | Noticed Natasha
  1756 | D:2      | Killed Natasha
  1862 | D:3      | Found a glowing silver altar of Zin.
  1946 | D:3      | Found a shadowy altar of Dithmenos.
  2010 | D:3      | Reached skill level 5 in Fighting
  2012 | D:3      | Reached skill level 5 in Shields
  2025 | D:3      | Reached XP level 6. HP: 50/56 MP: 5/5
  2334 | D:3      | Found a glowing golden altar of the Shining One.
  2468 | D:4      | Reached skill level 5 in Axes
  2471 | D:4      | Reached skill level 1 in Dodging
  2490 | D:4      | Found Quzxotag's Distillery.
  2498 | D:4      | Reached skill level 5 in Armour
  2795 | D:4      | Reached XP level 7. HP: 61/61 MP: 6/6
  3199 | D:4      | Reached skill level 1 in Maces & Flails
  3401 | D:4      | Found Utaeblown's Assorted Antiques.
  3404 | D:4      | Bought a scroll labelled KYPSUST IWIBO for 22 gold pieces
  3404 | D:4      | Bought a scroll labelled NUROQ QUCLY for 22 gold pieces
  3428 | D:5      | Entered Level 5 of the Dungeon
  3428 | D:5      | Noticed Duvessa
  3428 | D:5      | Noticed Dowan
  3680 | D:5      | Found Bosaett's Gadget Shop.
  3949 | D:5      | Killed Duvessa
  4258 | D:4      | Killed Dowan
  4327 | D:5      | Reached skill level 6 in Shields
  4415 | D:5      | Reached XP level 8. HP: 70/70 MP: 7/7
  4424 | D:5      | Reached skill level 1 in Stealth
  4503 | D:5      | Found Hiapney's Gadget Shop.
  4639 | D:5      | Found Yschev's Weapon Shoppe.
  5053 | D:5      | Found a staircase to the Ecumenical Temple.
  5085 | Temple   | Entered the Ecumenical Temple
  5117 | Temple   | Became a worshipper of Warmaster Okawaru
  5142 | D:5      | Found a blossoming altar of Fedhas.
  5142 | D:5      | Found a bloodstained altar of Trog.
  5390 | D:5      | Upgraded the game from 0.26-a0-1080-g4c0aae810e to
                  | 0.26-a0-1129-gc5df7fbe6a
  5467 | D:5      | Found an ornate altar of the Wu Jian Council.
  5473 | D:5      | Found a broken altar of Ashenzari.
  5476 | D:5      | Found an ancient bone altar of Kikubaaqudgha.
  5627 | D:6      | Found a sparkling altar of Nemelex Xobeh.
  5853 | D:6      | Reached skill level 7 in Shields
  5862 | D:6      | Reached skill level 5 in Maces & Flails
  5880 | D:6      | Reached * piety under Okawaru
  6527 | D:7      | Found a burning altar of Makhleb.
  6537 | D:7      | Reached XP level 9. HP: 78/78 MP: 8/8
  6578 | D:7      | Noticed Harold
  6596 | D:7      | Killed Harold
  6596 | D:7      | Reached ** piety under Okawaru
  6597 | D:7      | Reached skill level 8 in Shields
  7147 | D:8      | Reached skill level 9 in Shields
  7612 | D:8      | Found a runed translucent door.
  7646 | D:8      | Noticed SamuraiZach's ghost (novice TrDe)
  7761 | D:8      | Got a jewelled long sword
  7762 | D:8      | Identified the cursed +1 long sword "Fecuihu" {chaos, +Fly
                  | rC+} (You found it on level 8 of the Dungeon)
  8073 | D:9      | Found a white marble altar of Elyvilon.
  8096 | D:9      | Found a bloodstained altar of Trog.
  8111 | D:9      | Reached XP level 10. HP: 85/86 MP: 1/9
  8252 | D:9      | Reached *** piety under Okawaru
  8269 | D:9      | Found Tydotulu's Distillery.
  8274 | D:9      | Bought a potion of heal wounds for 70 gold pieces
  8274 | D:9      | Bought a potion of curing for 42 gold pieces
  8274 | D:9      | Bought a potion of curing for 42 gold pieces
  8498 | D:9      | Found a snail-covered altar of Cheibriados.
  8529 | D:9      | Found a sacrificial altar of Ru.
  8606 | D:9      | Found a basalt altar of Yredelemnul.
  8731 | D:9      | Reached skill level 10 in Shields
  8802 | D:9      | Reached **** piety under Okawaru
  8867 | D:9      | Found a staircase to the Lair.
  9149 | Lair:1   | Entered Level 1 of the Lair of Beasts
  9159 | Lair:1   | Reached skill level 10 in Maces & Flails
  9333 | Lair:1   | Noticed Fannar
  9454 | D:10     | Entered Level 10 of the Dungeon
  9526 | D:10     | Noticed a two-headed ogre
  9562 | D:10     | Killed a two-headed ogre
  9572 | D:10     | Reached XP level 11. HP: 87/95 MP: 10/10
  9899 | D:10     | Paralysed by a hornet for 2 turns
 10139 | D:11     | Noticed an eight-headed hydra
 10154 | D:11     | Killed an eight-headed hydra
 10154 | D:11     | Reached ***** piety under Okawaru
 10155 | D:11     | Reached skill level 10 in Armour
 10155 | D:11     | Reached skill level 11 in Shields
 10300 | D:11     | Found a staircase to the Orcish Mines.
 10886 | Orc:1    | Entered Level 1 of the Orcish Mines
 11048 | Orc:1    | Noticed an orc high priest
 11051 | Orc:1    | Noticed a sixfirhy
 11157 | Orc:1    | Killed an orc high priest
 11449 | Lair:1   | Received a gift from Okawaru
 11484 | Lair:1   | Killed Fannar
 11485 | Lair:1   | Reached skill level 12 in Shields
 11488 | Lair:1   | Found a runed translucent door.
 11497 | Lair:1   | Found a shimmering altar of Xom.
 11497 | Lair:1   | Noticed a +2 morningstar of chaos
 11498 | Lair:1   | Noticed sammydre's ghost (novice TrBe)
 11998 | Lair:2   | Found a staircase to the Swamp.
 12352 | Lair:2   | Reached skill level 10 in Fighting
 12352 | Lair:2   | Reached XP level 12. HP: 106/106 MP: 11/11
 12492 | Lair:2   | Reached ****** piety under Okawaru
 12492 | Lair:2   | Received a gift from Okawaru
 12987 | Lair:3   | Noticed an eight-headed hydra
 13116 | Lair:3   | Killed an eight-headed hydra
 13117 | Lair:3   | Reached skill level 13 in Shields
 13337 | Lair:3   | Noticed a five-headed hydra
 13347 | Lair:3   | Killed a five-headed hydra
 13536 | Lair:3   | Noticed a five-headed hydra
 13552 | Lair:3   | Killed a five-headed hydra
 13553 | Lair:3   | Found a hole to the Spider Nest.
 13586 | Lair:3   | Got a fine plate armour
 13587 | Lair:3   | Identified the +1 plate armour of Uneoptaa {+Inv MP-9
                  | Str+5} (You found it on level 3 of the Lair of Beasts)
 14081 | Lair:4   | Noticed an eight-headed hydra
 14088 | Lair:4   | Killed an eight-headed hydra
 14089 | Lair:4   | Reached skill level 14 in Shields
 14153 | Lair:4   | Noticed Kirke
 14666 | Lair:4   | Reached XP level 13. HP: 107/116 MP: 3/12
 14730 | Lair:4   | Received a gift from Okawaru
 15606 | Orc:2    | Entered Level 2 of the Orcish Mines
 15625 | Orc:2    | Reached skill level 1 in Unarmed Combat
 16011 | Orc:1    | Reached skill level 15 in Shields
 16137 | Orc:2    | Paralysed by an orc sorcerer for 5 turns
 16527 | Orc:2    | Found a staircase to the Elven Halls.
 16564 | Orc:2    | Noticed Nessos
 16576 | Orc:2    | Killed Nessos
 16583 | Orc:2    | Found a roughly hewn altar of Beogh.
 16803 | Orc:2    | Found Coforofi's Weapon Shoppe.
 16803 | Orc:2    | Found Fesedale's Antique Weapon Shop.
 16805 | Orc:2    | Found Maebri's Book Boutique.
 16807 | Orc:2    | Found Jorer's General Store.
 16864 | Orc:2    | Bought a scroll of enchant weapon for 90 gold pieces
 16864 | Orc:2    | Bought a scroll of enchant weapon for 90 gold pieces
 16864 | Orc:2    | Bought a potion of invisibility for 96 gold pieces
 16864 | Orc:2    | Bought a scroll of summoning for 114 gold pieces
 16883 | Orc:2    | Paralysed by an orc sorcerer for 2 turns
 17259 | D:12     | Paralysed by a kobold for 4 turns
 17437 | D:12     | Reached skill level 16 in Shields
 17770 | D:12     | Upgraded the game from 0.26-a0-1129-gc5df7fbe6a to
                  | 0.26-a0-1139-g7d2dc893a1
 17990 | D:13     | Received a gift from Okawaru
 18216 | D:13     | Got a fading trident
 18217 | D:13     | Identified the +4 trident "Esiurynirch" {vorpal, rC+} (You
                  | found it on level 13 of the Dungeon)
 18426 | D:13     | Reached XP level 14. HP: 106/127 MP: 4/13
 18518 | D:13     | Found a gate to the Vaults.
 19395 | D:14     | Received a gift from Okawaru
 19426 | D:14     | Reached skill level 5 in Dodging
 19477 | D:14     | Reached skill level 17 in Shields
 19810 | D:14     | Noticed Azrael
 19914 | D:14     | Received a gift from Okawaru
 19920 | D:14     | Reached skill level 15 in Armour
 19938 | D:14     | Got an ivory demon whip {god gift}
 19951 | D:14     | Killed Azrael
 20042 | D:14     | Identified the +6 demon whip "Doiskur" {drain, rC+ Dex+3}
                  | (Okawaru gifted it to you on level 14 of the Dungeon)
 21374 | Lair:5   | Found a viscous altar of Jiyva.
 21375 | Lair:5   | Found a staircase to the Slime Pits.
 21453 | Lair:6   | Entered Level 6 of the Lair of Beasts
 21463 | Lair:6   | Received a gift from Okawaru
 21564 | Lair:6   | Found a transporter.
 21564 | Lair:6   | Identified the +7 trident "Inocitops" {vorpal, *Slow rPois
                  | Str+3 Dex+5}
 21575 | Lair:6   | Found a bloodstained altar of Trog.
 21575 | Lair:6   | Noticed MoonlitKnight's ghost (journeyman MfGl)
 21585 | Lair:6   | Identified the cursed +1 demon trident of Anguish
                  | {antimagic, *Corrode Will+ Str-5 Dex+6}
 21626 | Lair:6   | Found a transporter.
 21711 | Lair:6   | Reached XP level 15. HP: 137/137 MP: 14/14
 22109 | Lair:6   | Reached skill level 18 in Shields
 22478 | Lair:6   | Noticed Rupert
 22496 | Lair:6   | Killed Rupert
 22497 | Lair:6   | Reached skill level 1 in Throwing
 22768 | Lair:6   | Received a gift from Okawaru
 22794 | Lair:6   | Killed MoonlitKnight's ghost
 22903 | Lair:3   | Killed Kirke
 22910 | Spider:1 | Entered Level 1 of the Spider Nest
 23101 | Spider:1 | Reached skill level 15 in Fighting
 23224 | Spider:1 | Reached skill level 19 in Shields
 23383 | Spider:1 | Received a gift from Okawaru
 24481 | Spider:2 | Reached XP level 16. HP: 149/149 MP: 15/15
 24616 | Spider:2 | Received a gift from Okawaru
 24617 | Spider:2 | Reached skill level 20 in Shields
 24801 | Spider:2 | HP: 7/151 [poisoned by a redback]
 24806 | Spider:2 | HP: 6/151 [poisoned by a redback]
 24812 | Spider:2 | HP: 7/151 [poisoned by a redback]
 25503 | Spider:3 | Reached skill level 21 in Shields
 26606 | Spider:4 | Entered Level 4 of the Spider Nest
 26606 | Spider:4 | Noticed Arachne
 26816 | Spider:3 | Killed Arachne
 26816 | Spider:3 | Received a gift from Okawaru
 27066 | Spider:4 | Reached skill level 22 in Shields
 27904 | Spider:4 | Received a gift from Okawaru
 27909 | Spider:4 | Got a steaming double sword {god gift}
 27910 | Spider:4 | Identified the +3 double sword "Zewnipn" {speed, rN++ Str-2
                  | Int+2 Stlth+} (Okawaru gifted it to you on level 4 of the
                  | Spider Nest)
 28174 | Spider:4 | Reached XP level 17. HP: 160/160 MP: 16/16
 28532 | Spider:4 | Got a gossamer rune of Zot
 28713 | Swamp:1  | Entered Level 1 of the Swamp
 29418 | Swamp:1  | Upgraded the game from 0.26-a0-1139-g7d2dc893a1 to
                  | 0.26-a0-1147-g3780a7a11b
 29659 | Swamp:2  | Received a gift from Okawaru
 29666 | Swamp:2  | Reached skill level 23 in Shields
 29889 | Swamp:2  | Found a blossoming altar of Fedhas.
 29971 | Swamp:2  | Got a steaming wooden ring
 30782 | Swamp:3  | Noticed Donald
 30791 | Swamp:3  | Killed Donald
 30804 | Swamp:3  | Identified the ring of the Genius {+Blink rPois Will+ SInv}
                  | (You found it on level 2 of the Swamp)
 31124 | Swamp:3  | Noticed Nikola
 31156 | Swamp:3  | Killed Nikola
 31568 | Swamp:3  | Received a gift from Okawaru
 31869 | Swamp:4  | Entered Level 4 of the Swamp
 31881 | Swamp:4  | Paralysed by a fenstrider witch for 4 turns
 31896 | Swamp:4  | Mangled by a bunyip

Illustrated notes

Levels and vault maps discovered:
D:1:      minmay_arrival_split_and_join, layout_basic, minmay_misc_feat_square,
          xom_teletrap_fun
D:2:      layout_basic, marbit_many_paths, uniq_natasha, uniq_robin,
          uniq_crazy_yiuf_cottage
D:3:      layout_basic, nicolae_tso_swordbearing_angel, lemuel_doored_altar,
          old_standard_altar
D:4:      layout_basic, serial_shops, shop, shop
D:5:      layout_loops_ring, grunt_temple_overflow_diamond,
          grunt_temple_overflow_open, minmay_temple_entry_wispy, serial_shops,
          nicolae_shop_crystal, nicolae_shop_behind_doors,
          nicolae_shop_statue_plus, uniq_duvessa
D:6:      corexii_shantytown, layout_rooms, nemelex_altar_shiori
D:7:      layout_gridville, nicolae_overflow_crystal_walls, uniq_harold
D:8:      layout_basic, ebering_ghost_reflecting_pool
D:9:      layout_cross, kennysheep_ying_yang, nicolae_ru_the_path_less_chosen,
          erik_lair_dragon, basic_altar, serial_gnoll_camp,
          gnoll_camp_mini_shop, gnoll_camp_mini_hut, gnoll_camp_mini_loothouse,
          gnoll_camp_mini_hut, bloody_trog
D:10:     layout_roguey, minmay_fractal_squares_gapless_5
D:11:     layout_long_grid, orc_0_dummy
D:12:     layout_rooms
D:13:     layout_small_grid, grunt_vaults_entry_tiered
D:14:     layout_roguey, hangedman_abyss_or_decor_stabs,
          einodemon_armed_red_devil_minivault, uniq_azrael
Temple:   corrupted_temple
Lair:1:   layout_misc_corridors, ebering_ghost_xom, patterned_corridor,
          uniq_fannar
Lair:2:   layout_chaotic_city, minmay_swamp_entry_swarm
Lair:3:   layout_roguey, dummy_spider_entry, infiniplex_staircase_pool,
          minmay_lair_oklob_chamber
Lair:4:   layout_cave_pods, lemuel_fruit_tree, uniq_kirke
Lair:5:   layout_cave_pods, dpeg_slime_entry_enclosed_altar,
          kennysheep_abandoned_house, grunt_megastairs_2
Lair:6:   evilmike_catoblepas_cave, layout_gridlike,
          gammafunk_ghost_wrathful_warriors, ice2_lemuel, grunt_megastairs_3,
          uniq_rupert
Swamp:1:  layout_falls_marsh, hangedman_swamp_ruin_hall, swamp_pool4
Swamp:2:  layout_basic_swamp, nicolae_swamp_feature_on_the_river_bank,
          swamp_pool1
Swamp:3:  layout_basic_swamp, nicolae_swamp_little_tower, swamp_pool3,
          nicolae_swamp_very_dense_foliage, uniq_nikola, uniq_donald
Swamp:4:  swamp_old_school, layout_basic_swamp
Spider:1: layout_spider_delve, einodemon_crawler_minivault
Spider:2: layout_spider_delve, hangedman_spider_tarantella_strand
Spider:3: layout_spider_delve, guppyfry_spider_mini_3,
          nicolae_spider_cling_ruins
Spider:4: spider_rune_water, nicolae_spider_circle_web, uniq_arachne
Orc:1:    layout_caves, rock_pile
Orc:2:    st_orc_rangers, layout_caves, basic_altar,
          nicolae_orc_sculptors_studio, nicolae_orc_damp_corner, uniq_nessos

Skill      XL: |  1  2  3  4  5  6  7  8  9 10 11 12 13 14 15 16 17 |
---------------+----------------------------------------------------+-----
Fighting       | 4 5 6 7 8 10 11 12 13 15 16 17 | 17.9
Shields        | 4 5 6 7 9 10 12 14 16 17 19 22 23 | 23.6
Armour         | 4 5 6 7 8 9 11 13 14 15 16 17 18 | 18.0
Axes           | 3 4 5 6 |  6.3
Dodging        | 1 2 3 4 5 6 |  6.0
Maces & Flails | 2 5 8 10 11 13 | 13.5
Stealth        | 1 2 |  2.7
Unarmed Combat | 1 |  1.2
Throwing       | 1 |  1.3

Action                   |  1- 3 |  4- 6 |  7- 9 | 10-12 | 13-15 | 16-18 || total
-------------------------+-------+-------+-------+-------+-------+-------++-------
Melee: War axe           |    61 |   133 |     3 |       |       |       ||   197
       Headbutt          |     7 |    17 |   120 |   180 |   366 |   245 ||   935
       Whip              |       |       |   557 |   762 |   389 |       ||  1708
       Unarmed           |       |       |       |    23 |       |       ||    23
       Flail             |       |       |       |       |   355 |       ||   355
       Demon whip        |       |       |       |       |   560 |  1060 ||  1620
Throw: Boomerang         |       |       |       |       |     6 |       ||     6
Evoke: Wand              |       |       |       |       |       |     1 ||     1
  Use: Potion            |       |     1 |     2 |     6 |     6 |     8 ||    23
       Scroll            |       |       |    16 |    14 |    13 |    11 ||    54
 Stab: Petrified         |       |       |       |       |     2 |       ||     2
       Confused          |       |       |       |       |       |     2 ||     2
Armor: Scale mail        |    18 |    64 |    69 |       |       |       ||   151
       Plate armour      |       |       |   134 |   261 |   411 |   492 ||  1298
       Chain mail        |       |       |       |       |    13 |       ||    13
Dodge: Dodged            |    21 |    48 |   124 |   162 |   312 |   274 ||   941
Block: Kite shield       |    32 |    74 |   244 |   372 |   808 |   697 ||  2227

Table legend: (Time is in decaauts)
 A = Elapsed time spent in this place.
 B = Non-inter-level travel time spent in this place.
 C = Inter-level travel time spent in this place.
 D = Time resting spent in this place.
 E = Time spent auto-exploring this place.
 F = Levels seen in this place.
 G = Mean time per level.
                   A        B        C        D        E       F      G
               +--------+--------+--------+--------+--------+-----+--------+
         Total |  30577 |  28486 |   2091 |      0 |  23331 |  31 |  986.4 |
       Dungeon |  13797 |  12778 |   1019 |      0 |  10312 |  14 |  985.5 |
        Temple |     48 |     27 |     21 |      0 |     26 |   1 |   48.0 |
          Lair |   6650 |   6039 |    611 |      0 |   5120 |   6 | 1108.3 |
         Swamp |   2958 |   2857 |    101 |      0 |   2313 |   4 |  739.5 |
   Spider Nest |   5361 |   5059 |    302 |      0 |   4241 |   4 | 1340.2 |
  Orcish Mines |   1760 |   1726 |     34 |      0 |   1317 |   2 |  880.0 |
               +--------+--------+--------+--------+--------+-----+--------+

Top non-repeatable levels by time:
     D:4: 1779 daAuts
Spider:4: 1544 daAuts
Spider:1: 1437 daAuts
Spider:3: 1432 daAuts
     D:9: 1423 daAuts
     D:5: 1300 daAuts
  Lair:6: 1280 daAuts
  Lair:2: 1265 daAuts
  Lair:4: 1242 daAuts
    D:14: 1223 daAuts
  Lair:3: 1221 daAuts
    D:13: 1138 daAuts
     D:2: 1120 daAuts
 Swamp:2: 1108 daAuts
 Swamp:3: 1059 daAuts
